 Dungeon Crawl Stone Soup version 0.19.5 (webtiles) character file.

47 ozymandias0 the Magician (level 3, -9/21 HPs)
             Began as a High Elf Wizard on Apr 11, 2017.
             Killed by divine providence
             ... invoked by an orc priest
              (16 damage)
             ... on level 3 of the Dungeon.
             The game lasted 00:17:26 (1731 turns).

ozymandias0 the Magician (High Elf Wizard)          Turns: 1731, Time: 00:17:26

Health: -9/21      AC:  3    Str:  6    XL:     3   Next: 48%
Magic:  1/10       EV: 13    Int: 23    God:
Gold:   54         SH:  0    Dex: 13    Spells: 3 memorised, 6 levels left

rFire  . . .     SeeInvis .     f - +0 dagger
rCold  . . .     Gourm    .     a - +0 robe
rNeg   . . .     Faith    .     (no shield)
rPois  .         Spirit   .     b - +0 hat
rElec  .         Reflect  .     h - +0 cloak
rCorr  .         Harm     .     (no gloves)
MR     +....                    (no boots)
Stlth  ++........               (no amulet)
                                (no ring)
                                j - ring of protection from magic

@: very slightly contaminated
A: no striking features
a: no special abilities


You were on level 3 of the Dungeon.
You were not hungry.

You visited 1 branch of the dungeon, and saw 3 of its levels.

You collected 54 gold pieces.

Inventory:

Hand Weapons
 f - a +0 dagger (weapon)
Armour
 a - a +0 robe (worn)
 b - a +0 hat (worn)
 h - a +0 cloak (worn)
Jewellery
 j - a ring of protection from magic (left hand)
Scrolls
 e - a scroll of blinking
 i - 3 scrolls of teleportation
Potions
 g - a potion of cure mutation {unknown}
 k - a potion of invisibility {unknown}
 l - a potion of resistance {unknown}
Books
 c - a book of Minor Magic

   Spells                             Type                      Level
   a - Magic Dart                     Conjuration                  1
   b - Blink                          Translocation                2
   c - Call Imp                       Summoning                    2
   d - Repel Missiles                 Charms/Air                   2
   e - Slow                           Hexes                        2
   f - Conjure Flame                  Conjuration/Fire             3
   g - Mephitic Cloud                 Conjuration/Poison/Air       3
Comestibles
 d - 2 bread rations


   Skills:
 + Level 2.4 Dodging
 + Level 2.3 Stealth
 + Level 4.9 Spellcasting
 + Level 1.4 Conjurations
 + Level 0.8 Summonings
 + Level 1.1 Translocations


You had 6 spell levels left.
You knew the following spells:

 Your Spells              Type           Power        Failure   Level  Hunger
a - Magic Dart            Conj           ##..         6%          1    None
b - Blink                 Tloc           N/A          12%         2    None
c - Call Imp              Summ           #.......     12%         2    None


Dungeon Overview and Level Annotations

Branches:
Dungeon (3/15)

Altars:


Message History

Confirm with . or Enter, or press ? or * to list all spells.
You miscast Call Imp.
You are very lightly contaminated with residual magic.
Nothing appears to happen.
Casting: Call Imp
Confirm with . or Enter, or press ? or * to list all spells.
A beastly little devil appears in a puff of flame.
You hit the orc priest but do no damage.
The orc priest closely misses you.
You hit the orc priest but do no damage.
The orc priest calls down the wrath of Beogh upon you.
Beogh smites you!
You hit the orc priest but do no damage.
The orc priest hits you with a falchion.
Your crimson imp blinks! x2
You barely miss the orc priest.
The orc priest invokes the aid of Beogh against you.
Beogh smites you!
Ouch! That really hurt!
You die...

#..... ###..o...
#.o.....o #o# #.#
#.# #########
#.###### #.....<.#
######5.....##
#.#####.#
##.ยงยง@o........
#.#
#.###...########.#.
#.# #..5....# # #.#
#.###...# #.#####.#
##### #.......#
####.#### #.###
#...# ... K##.##


You could see an orc priest and 2 friendly crimson imps.

Vanquished Creatures
  2 adders (D:3)
  A leopard gecko (D:1)
  A ball python (D:1)
  5 goblins (D:1)
  2 hobgoblins
  A kobold (D:1)
  A bat (D:1)
  5 frilled lizards
  2 rats
20 creatures vanquished.

Vanquished Creatures (collateral kills)
  2 worms (D:2)
  2 orcs (D:3)
  2 kobolds (D:2)
  A rat (D:3)
7 creatures vanquished.

Grand Total: 27 creatures vanquished

Notes
Turn   | Place    | Note
-------+----------+-------------------------------------------
     0 | D:1      | ozymandias0 the High Elf Wizard began the quest for the Orb.
     0 | D:1      | Reached XP level 1. HP: 11/11 MP: 6/6
   132 | D:1      | Reached skill level 4 in Spellcasting
   161 | D:1      | Reached XP level 2. HP: 16/17 MP: 5/8
  1094 | D:2      | Learned a level 2 spell: Blink
  1097 | D:2      | Learned a level 2 spell: Call Imp
  1426 | D:3      | Reached XP level 3. HP: 14/21 MP: 1/10
  1731 | D:3      | Killed from afar by an orc priest

Skill      XL: |  1 |
---------------+----+-----
Spellcasting   | 4 |  4.9
Dodging        | |  2.4
Stealth        | |  2.3
Conjurations   | |  1.4
Summonings     | |  0.8
Translocations | |  1.1

Action                   || total
-------------------------++-------
Melee: Unarmed           ||     3
       Dagger            ||    14
 Cast: Magic Dart        ||    52
       Call Imp          ||    15
  Use: Scroll            ||     5
  Eat: Meat ration       ||     1
Armor: Robe              ||     4
Dodge: Dodged            ||    20
